 Dungeon Crawl Stone Soup version 0.19.0 (webtiles) character file.

36848 Jraekied the Slicer (level 13, -4/106 HPs)
             Began as a Demonspawn Gladiator on Nov 13, 2016.
             Was a Believer of Uskayaw.
             Slain by a meliai
             ... wielding a +0 hand axe
              (7 damage)
             ... on level 10 of the Dungeon.
             The game lasted 00:59:47 (16432 turns).

Jraekied the Slicer (Demonspawn Gladiator)         Turns: 16432, Time: 00:59:49

Health: -4/106     AC: 24    Str: 17    XL:     13   Next: 55%
Magic:  22/22      EV: 11    Int: 11    God:    Uskayaw [**....]
Gold:   780        SH:  0    Dex: 23    Spells: 1 memorised, 10 levels left

rFire  + + .     SeeInvis .     a - +4 rapier (elec)
rCold  . . .     Gourm    .     r - +1 scale mail {rF+}
rNeg   . . .     Faith    .     (no shield)
rPois  .         Spirit   .     c - +1 helmet
rElec  .         Reflect  .     w - +1 cloak
rCorr  .         Harm     .     (no gloves)
MR     .....                    g - +0 pair of boots
Stlth  +.........               (no amulet)
                                m - +3 ring of dexterity
                                u - +4 ring of dexterity

@: sanguine armour
A: talons 2, demonic guardian 1, fire resistance 1, flame cloud immunity,
sanguine armour 2
a: Stomp, Line Pass, Renounce Religion


You were on level 10 of the Dungeon.
You worshipped Uskayaw.
Uskayaw was pleased with you.
You were not hungry.

You visited 3 branches of the dungeon, and saw 16 of its levels.
You also visited: Sewer and Volcano.

You collected 1057 gold pieces.
You spent 277 gold pieces at shops.

Inventory:

Hand Weapons
 a - a +4 rapier of electrocution (weapon)
 b - a +0 hunting sling
 v - a +1 fustibalus of flaming
Missiles
 h - 312 stones
 p - 5 tomahawks
 x - 2 throwing nets (quivered)
 B - 4 javelins of penetration
 D - 68 sling bullets
 Y - 4 poisoned tomahawks
Armour
 c - a +1 helmet (worn)
 g - a +0 pair of boots (worn)
 r - a +1 scale mail of fire resistance (worn)
 w - a +1 cloak (worn)
Jewellery
 m - a +3 ring of dexterity (right hand)
 u - a +4 ring of dexterity (left hand)
 F - an uncursed ring of protection from cold {unknown}
Wands
 k - a wand of digging (6/24)
 t - a wand of slowing (25/48)
 C - a wand of enslavement (0/24)
 H - a wand of flame (16/48)
 K - a wand of lightning (8/15)
 U - a wand of teleportation (8/9)
 Z - a wand of teleportation (5/9)
Scrolls
 j - 2 scrolls of fear
 o - 4 scrolls of magic mapping
 s - 3 scrolls of enchant weapon
 y - a scroll of identify
 G - 9 scrolls of remove curse
 J - 6 scrolls of teleportation
 S - a scroll of blinking
Potions
 d - a potion of lignification {unknown}
 e - a potion of beneficial mutation {unknown}
 i - 5 potions of resistance
 n - 2 potions of berserk rage {unknown}
 q - a potion of curing
 A - a potion of haste {unknown}
 E - a potion of invisibility {unknown}
 I - a potion of agility
 N - a potion of brilliance {unknown}
 O - 2 potions of might
 W - a potion of magic {unknown}
Comestibles
 f - 9 bread rations
 l - a beef jerky
 z - 2 meat rations
 L - 8 fruits
 P - a slice of pizza


   Skills:
 - Level 11.2 Fighting
 * Level 14.1 Short Blades
   Level 3.9 Staves
 - Level 2.0 Throwing
 - Level 8.1 Armour
 - Level 2.6 Dodging
 + Level 1.6 Charms
 + Level 1.4 Air Magic
 - Level 12.0 Invocations


You had 10 spell levels left.
You knew the following spells:

 Your Spells              Type           Power        Failure   Level  Hunger
a - Repel Missiles        Chrm/Air       #.....       82%         2    ###....


Dungeon Overview and Level Annotations

Branches:
Dungeon (10/15)            Temple (1/1) D:5            Lair (5/6) D:8
 Shoals (0/4) Lair:3        Snake (0/4) Lair:2        Slime (0/5) Lair:5
    Orc: D:9-12

Altars:
Ashenzari
Cheibriados
Dithmenos
Elyvilon
Fedhas
Gozag
Hepliaklqana
Kikubaaqudgha
Makhleb
Nemelex Xobeh
Okawaru
Qazlal
Ru
Sif Muna
Trog
Uskayaw
Vehumet
Xom
Yredelemnul
Zin
The Shining One

Shops:
D:4 *?:%   D:5 %   D:6 *   D:7 *}[[*


Innate Abilities, Weirdness & Mutations

You have razor-sharp toenails.
A weak demonic guardian rushes to your aid.
Your flesh is heat resistant. (rF+)
You are immune to clouds of flame.
When seriously injured, your bleeding wounds create thick armour. (AC +9)


Message History

You miss the meliai.
The meliai is severely wounded.
The meliai hits you but does no damage. The meliai barely misses you.
Your iron imp hits the meliai but does no damage.
The meliai hits you with a hand axe!
* * * LOW HITPOINT WARNING * * *
The meliai hits your iron imp with a hand axe.
The meliai barely misses you.
Evoke which item? (* to show all) (? for menu, Esc to quit)
Zapping:
C - a wand of enslavement {zapped: 7} (will waste charges)
Press: ? - help, Shift-Dir - straight line, f - meliai
Aim: a meliai, wielding an enchanted hand axe and wearing a robe (chance to defeat MR: 46%) Nothing appears to happen.
The bullfrog zombie barely misses you.
The meliai calls down the wrath of its god upon you.
Something smites you!
* * * LOW HITPOINT WARNING * * *
The meliai hits you but does no damage.
The meliai closely misses your iron imp.
The meliai stings you!
You die...

.... .......
..... ....##
....# ....##
##....###
##yZy....#
#.5@.....#
##........#
#.........#
##..........#
#..<....##...
#.......# ..
#......## .
#....###
##..##


You could see 2 meliai, a bullfrog zombie and a friendly iron imp.

Vanquished Creatures
  A dire elephant (Lair:5)
  The ghost of edsrzf the Destroyer, a journeyman FoCj of Gozag (Volcano)
  2 hydras
  Erica (Lair:1)
  3 death yaks (Lair:3)
  The ghost of Jraekied the Wallflower, a novice DsGl of Uskayaw (D:7)
  An ugly thing (D:9)
  A toenail golem (Volcano)
  25 elephants
  A black mamba (Lair:4)
  Joseph (D:7)
  3 molten gargoyles (Volcano)
  2 spiny frogs
  2 komodo dragons
  A rime drake (Lair:1)
  3 efreet (Volcano)
  The ghost of darkdramon the Quickloader, a novice KoHu (D:4)
  A merfolk (D:9)
  A two-headed ogre (D:8)
  A meliai (D:10)
  8 blink frogs
  5 dream sheep (Lair:5)
  Prince Ribbit (D:7)
  3 hippogriffs
  Sigmund (D:3)
  3 fire elementals (Volcano)
  A spriggan (Lair:5)
  25 yaks
  Grum (D:8)
  2 hungry ghosts
  12 water moccasins
  8 porcupines
  2 orc warriors (D:9)
  An ice beast (D:9)
  2 necrophages (D:9)
  2 phantoms
  2 black bears
  4 ogres
  A centaur (D:7)
  9 crocodiles
  26 wolves
  2 big kobolds (Sewer)
  2 earth elementals (Volcano)
  7 bullfrogs
  A gnoll sergeant (D:5)
  2 scorpions
  4 killer bees (D:9)
  A howler monkey (D:9)
  An electric eel (Lair:1)
  A vampire bat (Lair:3)
  5 crimson imps
  4 hounds
  4 jellies
  2 bullfrog skeletons
  2 centaur skeletons
  2 orc wizards (D:9)
  2 iguanas
  Natasha (thrice) (D:3)
  13 worker ants
  2 hound skeletons
  2 worker ant zombies
  11 adders
  4 gnolls (D:5)
  A river rat (D:6)
  A shadow imp (Lair:1)
  An adder zombie (D:6)
  5 oozes
  2 adder skeletons
  6 worms
  A dart slug (D:2)
  11 leopard geckos
  11 orcs
  7 ball pythons
  10 bats
  4 giant cockroaches
  3 goblins
  7 hobgoblins
  16 jackals
  2 quokkas (D:7)
  5 frilled lizards
  A jackal zombie (D:7)
  24 kobolds
  A leopard gecko zombie (D:6)
  10 rats
  2 fire vortices (Volcano)
380 creatures vanquished.

Vanquished Creatures (collateral kills)
  2 hydras (Lair:1)
  An elephant (Lair:5)
  A troll (D:8)
  A dream sheep (Lair:5)
  A basilisk (Lair:2)
  A wolf (D:8)
  A fire vortex (Volcano)
8 creatures vanquished.

Vanquished Creatures (others)
  A fire vortex (Volcano)
  59 fungi
  13 plants
73 creatures vanquished.

Grand Total: 461 creatures vanquished

Notes
Turn   | Place    | Note
-------+----------+-------------------------------------------
     0 | D:1      | Jraekied the Demonspawn Gladiator began the quest for the Orb.
     0 | D:1      | Reached XP level 1. HP: 16/16 MP: 1/1
   200 | D:1      | Gained mutation: Your flesh is heat resistant. (rF+) [demonic ancestry]
   200 | D:1      | Reached XP level 2. HP: 19/22 MP: 2/2
   925 | D:2      | Reached XP level 3. HP: 27/27 MP: 3/3
  1551 | D:2      | Reached skill level 1 in Short Blades
  1581 | D:2      | Found a sacrificial altar of Ru.
  1619 | D:2      | Gained mutation: You have sharp toenails. [demonic ancestry]
  1619 | D:2      | Reached XP level 4. HP: 24/33 MP: 4/4
  2061 | D:3      | Noticed Sigmund
  2247 | D:3      | Killed Sigmund
  2247 | D:3      | Reached skill level 4 in Short Blades
  2247 | D:3      | Reached XP level 5. HP: 27/38 MP: 5/5
  2417 | D:3      | Noticed Natasha
  2423 | D:3      | Killed Natasha
  2423 | D:3      | Reached XP level 6. HP: 37/44 MP: 6/6
  2474 | D:3      | Noticed Natasha
  2479 | D:3      | Killed Natasha
  2557 | D:3      | Noticed Natasha
  2566 | D:3      | Killed Natasha
  2751 | D:4      | Reached skill level 5 in Short Blades
  2946 | D:4      | Noticed darkdramon's ghost (novice KoHu)
  3023 | D:4      | Gained mutation: When seriously injured, your bleeding wounds create armour. (AC +9) [demonic ancestry]
  3023 | D:4      | Reached XP level 7. HP: 43/50 MP: 7/7
  3117 | D:4      | Found Esimohas's Food Shop.
  3241 | D:4      | Reached skill level 6 in Short Blades
  3286 | D:4      | Found Suqeegga's Book Shop.
  3509 | D:4      | Found Ykeozaut's Magic Scroll Boutique.
  3517 | D:4      | Bought a scroll of remove curse for 39 gold pieces
  3631 | D:5      | Entered Level 5 of the Dungeon
  3730 | D:5      | Found a staircase to the Ecumenical Temple.
  3763 | Temple   | Entered the Ecumenical Temple
  4015 | Temple   | Became a worshipper of Uskayaw the Reveler
  4102 | D:5      | Reached * piety under Uskayaw
  4192 | D:5      | Found an ancient bone altar of Kikubaaqudgha.
  4199 | D:5      | Reached ** piety under Uskayaw
  4227 | D:5      | Reached skill level 7 in Short Blades
  4248 | D:5      | Found a blossoming altar of Fedhas.
  4394 | D:4      | Reached *** piety under Uskayaw
  4395 | D:4      | Killed darkdramon's ghost
  4395 | D:4      | Reached XP level 8. HP: 43/58 MP: 8/8
  4449 | D:4      | Bought a scroll of enchant weapon for 97 gold pieces
  4449 | D:4      | Bought a scroll of enchant weapon for 97 gold pieces
  4503 | D:4      | Found Jila's General Store.
  4506 | D:4      | Bought a potion of agility for 44 gold pieces
  4718 | D:5      | Found Lythrula's Food Boutique.
  4954 | D:6      | Reached skill level 8 in Short Blades
  5013 | D:6      | Found Gedynata's General Store.
  5074 | D:6      | Found a glowing drain.
  5097 | Sewer    | Entered a sewer
  5572 | D:6      | Found a blossoming altar of Fedhas.
  5728 | D:7      | Noticed Prince Ribbit
  5749 | D:7      | Reached **** piety under Uskayaw
  5750 | D:7      | Killed Prince Ribbit
  5750 | D:7      | Reached skill level 5 in Fighting
  5750 | D:7      | Reached skill level 9 in Short Blades
  5750 | D:7      | Reached ***** piety under Uskayaw
  5755 | D:7      | Gained mutation: A weak demonic guardian rushes to your aid. [demonic ancestry]
  5755 | D:7      | Reached XP level 9. HP: 45/68 MP: 9/9
  5823 | D:7      | Found Guomyukluo's Armour Shoppe.
  5948 | D:7      | Found Iwopseq's General Store.
  5966 | D:7      | Noticed Joseph
  5983 | D:7      | Killed Joseph
  5998 | D:7      | Found Suitif's Antique Armour Boutique.
  6007 | D:7      | Found Weineiga's Gadget Shoppe.
  6146 | D:7      | Noticed Jraekied's ghost (novice DsGl)
  6159 | D:7      | Killed Jraekied's ghost
  6159 | D:7      | Reached skill level 10 in Short Blades
  6284 | D:7      | Found Ominguts's General Store.
  6365 | D:8      | Noticed an elephant
  6366 | D:8      | Found a staircase to the Lair.
  6369 | D:8      | Noticed a troll
  6376 | D:8      | Killed an elephant
  6381 | D:8      | Killed a troll
  6631 | D:8      | Noticed Grum
  6645 | D:8      | Killed Grum
  6645 | D:8      | Reached skill level 11 in Short Blades
  6803 | D:8      | Found a shadowy altar of Dithmenos.
  6933 | D:8      | Found a stormy altar of Qazlal.
  6933 | D:8      | Found a shimmering altar of Xom.
  6971 | D:8      | Gained mutation: You are immune to clouds of flame. [demonic ancestry]
  6971 | D:8      | Reached XP level 10. HP: 79/79 MP: 10/10
  6995 | D:8      | Found a sparkling altar of Nemelex Xobeh.
  6996 | D:8      | Found an opulent altar of Gozag.
  7050 | Lair:1   | Entered Level 1 of the Lair of Beasts
  7107 | Lair:1   | Noticed a five-headed hydra
  7124 | Lair:1   | Killed a five-headed hydra
  7502 | Lair:1   | Reached skill level 5 in Invocations
  7521 | Lair:1   | Reached ****** piety under Uskayaw
  7525 | Lair:1   | Noticed Erica
  7525 | Lair:1   | Killed Erica
  7602 | Lair:1   | Noticed a five-headed hydra
  8031 | Lair:1   | Noticed a spiny frog
  8040 | Lair:1   | Killed a spiny frog
  8078 | Lair:1   | Killed a five-headed hydra
  8078 | Lair:1   | Reached skill level 12 in Short Blades
  8078 | Lair:1   | Gained mutation: You have razor-sharp toenails. [demonic ancestry]
  8078 | Lair:1   | Reached XP level 11. HP: 56/84 MP: 17/17
  8120 | Lair:1   | Noticed an eight-headed hydra
  8198 | Lair:1   | Killed an eight-headed hydra
  8198 | Lair:1   | Reached skill level 1 in Armour
  9428 | Lair:2   | Reached skill level 10 in Invocations
  9716 | Lair:2   | Reached skill level 5 in Armour
  9726 | Lair:2   | Found a staircase to the Snake Pit.
 10775 | Lair:3   | Noticed a death yak
 10775 | Lair:3   | Noticed a death yak
 10775 | Lair:3   | Noticed a death yak
 10781 | Lair:3   | Killed a death yak
 10783 | Lair:3   | Killed a death yak
 10783 | Lair:3   | Gained mutation: When seriously injured, your bleeding wounds create thick armour. (AC +9) [demonic ancestry]
 10783 | Lair:3   | Reached XP level 12. HP: 77/95 MP: 20/20
 10790 | Lair:3   | Killed a death yak
 11050 | Lair:3   | Found a staircase to the Shoals.
 12003 | Lair:4   | Noticed a five-headed hydra
 12013 | Lair:4   | Killed a five-headed hydra
 12467 | Lair:4   | Reached skill level 10 in Fighting
 12808 | Lair:5   | Found a dark tunnel.
 12936 | Volcano  | Entered a volcano
 13032 | Volcano  | Reached XP level 13. HP: 48/104 MP: 22/22
 13257 | Volcano  | Noticed edsrzf's ghost (journeyman FoCj)
 13264 | Volcano  | Reached skill level 13 in Short Blades
 13278 | Volcano  | Killed edsrzf's ghost
 14341 | Lair:5   | Found a staircase to the Slime Pits.
 14628 | Lair:5   | Noticed a dire elephant
 14646 | Lair:5   | Killed a dire elephant
 15390 | Lair:1   | Learned a level 2 spell: Repel Missiles
 15723 | D:9      | Reached skill level 1 in Charms
 15868 | D:9      | Reached skill level 1 in Air Magic
 16085 | D:9      | Reached skill level 14 in Short Blades
 16415 | D:10     | Entered Level 10 of the Dungeon
 16432 | D:10     | HP: 3/106 [meliai/divine providence (13)]
 16432 | D:10     | Slain by a meliai

Skill      XL: |  1  2  3  4  5  6  7  8  9 10 11 12 13 |
---------------+----------------------------------------+-----
Staves         | 3 |  3.9
Throwing       | 2 |  2.0
Short Blades   | 1 4 5 7 9 11 12 14 | 14.1
Fighting       | 3 5 7 9 10 11 | 11.2
Invocations    | 9 11 12 | 12.0
Armour         | 6 8 |  8.1
Charms         | 1 |  1.6
Air Magic      | 1 |  1.4
Dodging        | |  2.6

Action                   |  1- 3 |  4- 6 |  7- 9 | 10-12 | 13-15 || total
-------------------------+-------+-------+-------+-------+-------++-------
Melee: Quarterstaff      |    76 |       |       |       |       ||    76
       Rapier            |    37 |    96 |   268 |   461 |   321 ||  1183
 Fire: Hunting sling     |       |       |    42 |    79 |    24 ||   145
Throw: Stone             |    18 |    20 |     5 |    18 |     1 ||    62
       Throwing net      |       |     5 |       |     1 |       ||     6
       Javelin           |       |       |     2 |     3 |       ||     5
Invok: Line Pass         |       |       |     1 |     5 |     2 ||     8
       Grand Finale      |       |       |       |     3 |       ||     3
Evoke: Wand              |       |       |       |     5 |       ||     5
  Use: Scroll            |       |     7 |     9 |    15 |       ||    31
       Potion            |       |     1 |     1 |     8 |     5 ||    15
 Stab: Sleeping          |     1 |       |       |       |       ||     1
       Paralysed         |       |       |     8 |    40 |    14 ||    62
       Distracted        |       |       |     1 |     3 |       ||     4
       Confused          |       |       |       |     1 |     4 ||     5
  Eat: Chunk             |     2 |     5 |     4 |    17 |     3 ||    31
       Meat ration       |       |       |     2 |       |     1 ||     3
       Bread ration      |       |       |       |     1 |     1 ||     2
       Fruit             |       |       |       |     1 |       ||     1
Armor: Leather armour    |     9 |       |       |       |       ||     9
       Ring mail         |    21 |    27 |       |       |       ||    48
       Scale mail        |       |     8 |   108 |       |    80 ||   196
       Chain mail        |       |       |    13 |   266 |     9 ||   288
Dodge: Dodged            |    57 |    56 |    92 |   168 |    93 ||   466
